 Dungeon Crawl Stone Soup version 0.29-a0-414-g5075937ec3 (webtiles) character file.

Game seed: 9162515054145896937

160211 dolemite99 the Gnoll Child (level 17, 0/119 HPs)
             Began as a Gnoll Earth Elementalist on May 15, 2022.
             Was a Follower of Hepliaklqana.
             Slain by a ghost moth (5 damage)
             ... on level 1 of the Spider Nest on May 16, 2022.
             The game lasted 01:30:53 (70897 turns).

dolemite99 the Gnoll Child (GnEE)                  Turns: 70897, Time: 01:30:53

Health: 0/119      AC: 18    Str:  6 (8)  XL:     17   Next: 76%
Magic:  1/33       EV: 13    Int: 26 (27) God:    Hepliaklqana [*.....]
Gold:   1032       SH:  9    Dex: 12 (14) Spells: 0/41 levels left

rFire   . . .      SeeInvis .   b - +4 scimitar (venom)
rCold   . . .      Faith    .   F - +2 buckler
rNeg    . . .      Spirit   .   O - +0 swamp dragon scales
rPois   +          Reflect  .   r - +0 hat
rElec   .          Harm     .   s - +1 cloak
rCorr   .          Rampage  .   I - +2 pair of gloves
Will    +....                   T - +0 pair of boots
Stlth   ++++......              o - amulet of the acrobat
HPRegen 0.29/turn               d - ring of wizardry
MPRegen 0.23/turn               c - +6 ring of intelligence {=R}

@: death channelling
A: reduced essence, fangs 1, strong nose, distributed training
a: Renounce Religion, Recall Ancestor, Ancestor Identity


You were on level 1 of the Spider Nest.
You worshipped Hepliaklqana.
Hepliaklqana was aware of your devotion.
You visited 6 branches of the dungeon, and saw 29 of its levels.

You collected 4561 gold pieces.
You spent 3529 gold pieces at shops.

Inventory:

Hand Weapons
 b - a +4 scimitar of venom (weapon)
 k - a +4 scimitar of flaming
 w - the +1 spear of the Unbearable God {venom, rC+ Str-5 SInv}
   (You found it on level 6 of the Lair of Beasts)

   It poisons the flesh of those it strikes.
   Str:       It affects your strength (-5).
   rC:        It protects you from cold.
   SInv:      It lets you see invisible.
 N - a +4 hunting sling of flaming
 X - a +2 flail of holy wrath
Missiles
 t - 5 silver javelins (quivered)
 P - 14 curare-tipped darts
 Q - 20 poisoned darts
 R - a throwing net
Armour
 r - a +0 hat (worn)
 s - a +1 cloak (worn)
 v - the +3 leather armour of Gohebafas {rF+ Regen+ Stlth+}
   (You bought it in a shop on level 9 of the Dungeon)

   rF:        It protects you from fire.
   Regen:     It increases your rate of health regeneration.
   Stlth:     It makes you more stealthy.
 E - the +2 robe of Pewn {rElec Int+3 Dex+2 Stlth-}
   (You found it on level 4 of the Lair of Beasts)

   Int:       It affects your intelligence (+3).
   Dex:       It affects your dexterity (+2).
   rElec:     It insulates you from electricity.
   Stlth:     It makes you less stealthy.
 F - a +2 buckler (worn)
 I - a +2 pair of gloves (worn)
 O - +0 swamp dragon scales (worn)
 T - a +0 pair of boots (worn)
Magical Staves
 a - a staff of conjuration
 u - a staff of poison
 D - a staff of cold
 G - a staff of air
Jewellery
 c - a +6 ring of intelligence (right hand) {=R}
 d - a ring of wizardry (left hand)
 o - an amulet of the acrobat (around neck)
 q - a ring of resist corrosion
 y - a ring of protection from fire
 z - a ring of willpower
 K - a ring of ice
Wands
 n - a wand of charming (14)
 x - a wand of paralysis (6)
 B - a wand of polymorph (8)
Scrolls
 e - 3 scrolls of silence
 m - a scroll of enchant weapon
 J - 4 scrolls of fog
 S - 7 scrolls of teleportation
 U - 10 scrolls of identify {@r1}
 W - a scroll of poison
 Y - a scroll of blinking
Potions
 g - 11 potions of brilliance
 h - 8 potions of curing
 i - 3 potions of berserk rage
 j - 10 potions of lignification
 p - 9 potions of flight
 H - 3 potions of ambrosia
 L - 5 potions of might
 M - 2 potions of cancellation
Miscellaneous
 f - a piece from Xom's chessboard (15/15)
 l - a phantom mirror
 A - a condenser vane (inert)
 C - a box of beasts
 Z - a tin of tremorstones (inert)


   Skills:
 + Level 11.9 Fighting
 + Level 11.9 Short Blades
 + Level 11.9 Long Blades
 + Level 11.9 Axes
 + Level 11.9 Maces & Flails
 + Level 11.9 Polearms
 + Level 11.9 Staves
 + Level 11.9 Slings
 + Level 11.9 Bows
 + Level 11.9 Crossbows
 + Level 11.9 Throwing
 + Level 11.9 Armour
 + Level 12.7 Dodging
 + Level 12.6 Stealth
 + Level 11.9 Shields
 + Level 11.9 Unarmed Combat
 + Level 12.8 Spellcasting
 + Level 10.0 Conjurations
 + Level 10.0 Hexes
 + Level 10.0 Summonings
 + Level 10.0 Necromancy
 + Level 10.0 Translocations
 + Level 10.3 Transmutations
 + Level 10.0 Fire Magic
 + Level 10.0 Ice Magic
 + Level 10.0 Air Magic
 + Level 11.4 Earth Magic
 + Level 10.0 Poison Magic
 + Level 12.9 Invocations
 + Level 11.9 Evocations


You couldn't memorise any spells.
You knew the following spells:

 Your Spells              Type           Power      Damage    Failure   Level
a - Stone Arrow           Conj/Erth      100%       3d13      1%          3
b - Freezing Cloud        Conj/Ice/Air   31%        6-21      1%          5
c - Passwall              Tmut/Erth      54%        N/A       1%          2
d - Olgreb's Toxic Radia  Pois           62%        N/A       1%          4
e - Airstrike             Air            31%        N/A       1%          4
f - Mephitic Cloud        Conj/Pois/Air  62%        N/A       1%          3
g - Blink                 Tloc           100%       N/A       1%          2
i - Dispel Undead         Necr           62%        3d22      1%          4
j - Fulminant Prism       Conj/Hex       31%        3d16      1%          4
k - Petrify               Tmut/Erth      65%        N/A       1%          4
z - Death Channel         Necr           31%        N/A       12%         6

Your spell library contained the following spells:

 Spells                   Type           Power      Damage    Failure   Level
 Beastly Appendage        Tmut           100%       N/A       1%          1
 Magic Dart               Conj           100%       1d8       1%          1
 Sandblast                Erth           100%       2d20      1%          1
 Shock                    Conj/Air       100%       1d9       1%          1
 Corpse Rot               Necr/Air       100%       N/A       1%          2
 Poisonous Vapours        Pois/Air       100%       N/A       1%          2
 Searing Ray              Conj           100%       2d8       1%          2
 Static Discharge         Conj/Air       62%        N/A       1%          2
 Wereblood                Tmut           63%        N/A       1%          2
 Dazzling Flash           Conj/Hex       100%       N/A       1%          3
 Ignite Poison            Fire/Tmut/Pois 62%        N/A       1%          3
 Portal Projectile        Hex/Tloc       100%       N/A       1%          3
 Spider Form              Tmut/Pois      63%        N/A       1%          3
 Swiftness                Air            62%        N/A       1%          3
 Anguish                  Hex/Necr       31%        N/A       1%          4
 Sticky Flame             Conj/Fire      62%        2d8       1%          4
 Agony                    Necr           62%        N/A       1%          5
 Blade Hands              Tmut           31%        N/A       1%          5
 Excruciating Wounds      Necr           31%        N/A       1%          5
 Manifold Assault         Tloc           62%        N/A       1%          5
 Silence                  Hex/Air        31%        N/A       1%          5
 Dispersal                Tloc           31%        N/A       12%         6
 Storm Form               Tmut/Air       31%        N/A       47%         7
 Disjunction              Tloc           31%        N/A       99%         8


Dungeon Overview and Level Annotations

Branches:
Dungeon (15/15)            Temple (1/1) D:5            Lair (6/6) D:9
  Swamp (4/4) Lair:2       Spider (1/4) Lair:2        Slime (0/5) Lair:6
    Orc (2/2) D:12            Elf (0/3) Orc:2        Vaults (0/5) D:13
 Depths (0/4) D:15

Altars:
Ashenzari
Cheibriados
Dithmenos
Elyvilon
Fedhas
Gozag
Hepliaklqana
Kikubaaqudgha
Makhleb
Nemelex Xobeh
Okawaru
Qazlal
Ru
Sif Muna
Trog
Uskayaw
Vehumet
Wu Jian
Xom
Yredelemnul
Zin
The Shining One
Beogh
Ignis
Jiyva

Shops:
D:1 ?[   D:9 (?:**   D:15 ?   Orc:2 ?[:*

Annotations:
Lair:3 3 runed translucent doors, exclusion: downstairs, holysushi's ghost, journeyman KoAr
Lair:4 2 transporters, SirDiesAlot's ghost, journeyman DEEE
Lair:6 1 runed translucent door
Swamp:2 3 runed translucent doors, Zukhihyth's ghost, adept DDFi


Innate Abilities, Weirdness & Mutations

Your life essence is reduced to manifest your ancestor. (-10% HP)
You have very sharp teeth.
Your uncanny sense of smell can sniff out nearby items.
Your experience applies equally to all skills.


Message History

You miss something.
Something hits you but does no damage. x2
Something stings you!
Necuametl hits something but does no damage.
You hit something. You bite something.
You feel you are being watched by something.
You block something's attack. Something hits you! Something stings you!
Necuametl misses something.
You hit something. Something closely misses you.
Something hits you but does no damage. Something stings you!
Necuametl hits something.
You barely miss something.
You feel you are being watched by something.
You feel your power leaking away. Something hits you but does no damage.
You block something's attack.
Something stings you but does no damage.
You slash something! Your bite misses something. Something hits you!
You feel weakened. Something hits you but does no damage.
Something barely misses you.
Necuametl hits something.
You slash something! Your bite misses something.
You feel you are being watched by something.
Something hits you but does no damage. x2
Something stings you but does no damage.
Necuametl hits something.
You barely miss something. Something hits you!
* * * LOW HITPOINT WARNING * * *
Something hits you.
* * * LOW HITPOINT WARNING * * *
Something stings you!
* * * LOW HITPOINT WARNING * * *
Necuametl hits something but does no damage.
You feel better. Something hits you!
* * * LOW HITPOINT WARNING * * *
You feel clumsy. Something completely misses you. Something stings you.
* * * LOW HITPOINT WARNING * * *
You feel clumsy.
Necuametl hits something!
You block something's attack. x2
Something stings you.
You die...

##...##..## #..
#.#..#....# ....
###..#....##....
#...#..###...#
#..†..†.......
#.#^........#
####..†.R...## ∆
##.†.†{...#
###..@...#
#....#......
........# .....
........## ..#.
#...##..## ..^
.##. .#.# ## .
..### . †.#


You could see the friendly Necuametl the ancestor.

Vanquished Creatures
  Jorgrun (D:12)
  Gastronok (Lair:3)
  Kirke (D:12)
  2 thorn hunters
  A fenstrider witch (Swamp:4)
  Nessos (Lair:6)
  4 bunyips
  A dire elephant (Lair:6)
  Snorg (D:10)
  An ettin (Orc:1)
  A shambling mangrove (Swamp:3)
  A rakshasa (D:13)
  Fannar (Lair:3)
  12 hydras
  2 ogre magi (Orc:2)
  A catoblepas (Lair:6)
  2 ghost crabs
  14 two-headed ogres
  2 death knights
  A spriggan air mage (Swamp:2)
  2 dancing weapons (D:13)
  2 boulder beetles
  22 death yaks
  2 tengu warriors (D:14)
  7 alligators
  2 centaur warriors (D:15)
  2 spriggan berserkers (Swamp:1)
  Nergalle (D:12)
  A skeletal warrior (D:14)
  A goliath frog (Swamp:1)
  An orb spider (Spider:1)
  A pharaoh ant (Spider:1)
  7 spriggan druids
  2 deep trolls (Orc:2)
  5 swamp dragons
  Lodul (D:10)
  A steelbarb worm (Spider:1)
  A wizard (D:15)
  3 lindwurms (Lair:6)
  A necromancer (D:15)
  4 deep elf pyromancers
  3 orc knights (Orc:2)
  An orc sorcerer (D:15)
  5 will-o-the-wisps
  18 ugly things
  2 wolf spiders (Spider:1)
  An oklob plant (D:12)
  A phantasmal warrior (D:14)
  4 manticores
  6 cyclopes
  6 black mambas
  2 centaur zombies (D:15)
  11 elephants
  A naga mage (D:15)
  Maurice (Orc:2)
  7 cane toads
  5 torpor snails (Lair:6)
  2 centaur skeletons (D:15)
  A freezing wraith (D:14)
  6 komodo dragons
  6 rime drakes
  2 unseen horrors (D:12)
  A demonic crawler (Spider:1)
  An efreet (D:15)
  4 meliai
  2 tarantellas (Spider:1)
  13 trolls
  8 tyrant leeches
  A polar bear (Lair:2)
  34 hornets
  22 blink frogs
  7 slime creatures (D:14)
  13 jumping spiders
  2 dream sheep (Lair:6)
  3 culicivoras (Spider:1)
  22 spriggans
  5 wyverns
  41 yaks
  2 wraiths
  3 shadows
  A vampire (D:11)
  3 hogs (D:12)
  3 basilisks
  Grum (D:10)
  A golden eye (Lair:4)
  7 redbacks (Spider:1)
  17 fire elementals
  A human (D:12)
  7 vampire mosquitoes
  8 swamp worms
  A steam dragon (D:8)
  16 water moccasins
  Edmund (D:4)
  2 acid dragons
  A swamp drake (D:12)
  An ice beast (D:7)
  18 orc warriors
  2 black bears
  A sky beast (D:8)
  17 centaurs
  23 ogres
  15 wolves
  3 phantoms
  3 kobold brigands
  18 bullfrogs
  2 scorpions
  2 gnoll sergeants
  6 wights (D:8)
  14 killer bees
  2 electric eels (Lair:6)
  6 howler monkeys
  A hound (D:7)
  8 jellies
  18 orc priests
  3 iguanas
  Ijyb (D:4)
  23 orc wizards
  9 adders
  21 gnolls
  A shadow imp (D:5)
  A white imp (D:8)
  An ufetubus (D:7)
  A worm (D:5)
  4 dart slugs
  66 orcs
  22 endoplasms
  5 giant cockroaches
  11 goblins
  3 hobgoblins
  10 jackals
  3 quokkas
  8 ball pythons
  8 bats
  2 frilled lizards (D:2)
  18 kobolds
  6 rats
  13 briar patches (Swamp:2)
  A butterfly (Lair:5)
866 creatures vanquished.

Vanquished Creatures (collateral kills)
  Donald (Swamp:1)
  An eleionoma (Swamp:2)
  2 bunyips
  2 pharaoh ants (Spider:1)
  A bog body (Swamp:2)
  A moth of wrath (Spider:1)
  3 wolf spiders (Spider:1)
  A tyrant leech (Swamp:1)
  A tarantella (Spider:1)
  3 jumping spiders (Spider:1)
  A culicivora (Spider:1)
  2 vampire mosquitoes (Swamp:3)
  3 redbacks (Spider:1)
  2 swamp worms (Swamp:2)
24 creatures vanquished.

Vanquished Creatures (others)
  A spriggan air mage (Swamp:1)
  A spriggan (Swamp:1)
  A human (D:12)
  A swamp worm (Swamp:1)
  A swamp drake (Swamp:2)
  4 ancestors
  A jelly (D:12)
  An endoplasm (D:12)
  A briar patch (Swamp:2)
  54 foxfires
  2 fulminant prisms (Swamp:2)
  89 fungi
  76 plants
233 creatures vanquished.

Grand Total: 1123 creatures vanquished

Notes
Turn   | Place    | Note
-------+----------+-------------------------------------------
     0 | D:1      | dolemite99 the Gnoll Earth Elementalist began the quest for
                  | the Orb.
     0 | D:1      | Reached XP level 1. HP: 13/13 MP: 6/6
   200 | D:1      | Reached XP level 2. HP: 19/19 MP: 2/7
   553 | D:1      | Found Sifes's Magic Scroll Emporium.
   563 | D:1      | Bought a scroll of identify for 28 gold pieces
   866 | D:1      | Found a faded altar of an unknown god.
   879 | D:1      | Found Ycvizise's Antique Armour Shop.
   906 | D:1      | Prayed at the altar of an unknown god.
   906 | D:1      | Became a worshipper of Ignis, the Dying Flame
  1379 | D:2      | Reached XP level 3. HP: 23/25 MP: 6/9
  1383 | D:2      | Reached skill level 5 in Spellcasting
  1629 | D:2      | Reached skill level 1 in Invocations
  1635 | D:2      | Reached skill level 1 in Fighting
  1635 | D:2      | Reached skill level 1 in Short Blades
  1635 | D:2      | Reached skill level 1 in Long Blades
  1635 | D:2      | Reached skill level 1 in Axes
  1635 | D:2      | Reached skill level 1 in Maces & Flails
  1635 | D:2      | Reached skill level 1 in Polearms
  1635 | D:2      | Reached skill level 1 in Staves
  1635 | D:2      | Reached skill level 1 in Slings
  1635 | D:2      | Reached skill level 1 in Bows
  1635 | D:2      | Reached skill level 1 in Crossbows
  1635 | D:2      | Reached skill level 1 in Throwing
  1635 | D:2      | Reached skill level 1 in Armour
  1635 | D:2      | Reached skill level 1 in Shields
  1635 | D:2      | Reached skill level 1 in Unarmed Combat
  1635 | D:2      | Reached skill level 1 in Evocations
  1650 | D:2      | Reached XP level 4. HP: 19/32 MP: 9/11
  1833 | D:2      | Learned a level 3 spell: Stone Arrow
  1973 | D:2      | Reached skill level 1 in Conjurations
  1973 | D:2      | Reached skill level 1 in Hexes
  1973 | D:2      | Reached skill level 1 in Summonings
  1973 | D:2      | Reached skill level 1 in Necromancy
  1973 | D:2      | Reached skill level 1 in Translocations
  1973 | D:2      | Reached skill level 1 in Fire Magic
  1973 | D:2      | Reached skill level 1 in Ice Magic
  1973 | D:2      | Reached skill level 1 in Air Magic
  1973 | D:2      | Reached skill level 1 in Poison Magic
  2553 | D:2      | Reached XP level 5. HP: 17/37 MP: 8/12
  3251 | D:2      | Found a sparkling altar of Nemelex Xobeh.
  4393 | D:3      | Noticed a phantom
  4402 | D:3      | Killed a phantom
  4403 | D:3      | Reached XP level 6. HP: 44/44 MP: 14/14
  4727 | D:3      | Reached skill level 5 in Dodging
  5678 | D:4      | Noticed Edmund
  5683 | D:4      | Killed Edmund
  5684 | D:4      | Reached XP level 7. HP: 50/50 MP: 5/15
  5922 | D:4      | You fall into a shaft and drop 3 floors!
  6213 | D:7      | Reached skill level 5 in Stealth
  6504 | D:7      | Reached XP level 8. HP: 57/57 MP: 14/16
  7567 | D:5      | Entered Level 5 of the Dungeon
  7848 | D:4      | Noticed Ijyb
  7853 | D:4      | Killed Ijyb
  7986 | D:4      | Got the Papyrus of Poisoning and Necromancy
  8099 | D:4      | Found a sacrificial altar of Ru.
  8101 | D:4      | Found a shimmering blue altar of Sif Muna.
  9334 | D:5      | Found a staircase to the Ecumenical Temple.
  9459 | D:6      | Reached XP level 9. HP: 65/65 MP: 14/18
  9652 | D:6      | Learned a level 1 spell: Sandblast
  9675 | D:6      | Learned a level 3 spell: Mephitic Cloud
 11090 | D:8      | Noticed a two-headed ogre
 11096 | D:8      | Noticed a two-headed ogre
 11103 | D:8      | Reached skill level 5 in Invocations
 11111 | D:8      | Killed a two-headed ogre
 11112 | D:8      | Reached XP level 10. HP: 35/73 MP: 13/20
 11370 | D:8      | Reached skill level 5 in Fighting
 11370 | D:8      | Reached skill level 5 in Short Blades
 11370 | D:8      | Reached skill level 5 in Long Blades
 11370 | D:8      | Reached skill level 5 in Axes
 11370 | D:8      | Reached skill level 5 in Maces & Flails
 11370 | D:8      | Reached skill level 5 in Polearms
 11370 | D:8      | Reached skill level 5 in Staves
 11370 | D:8      | Reached skill level 5 in Slings
 11370 | D:8      | Reached skill level 5 in Bows
 11370 | D:8      | Reached skill level 5 in Crossbows
 11370 | D:8      | Reached skill level 5 in Throwing
 11370 | D:8      | Reached skill level 5 in Armour
 11370 | D:8      | Reached skill level 5 in Shields
 11370 | D:8      | Reached skill level 5 in Unarmed Combat
 11370 | D:8      | Reached skill level 5 in Evocations
 11862 | D:8      | Reached skill level 5 in Transmutations
 12725 | D:8      | Killed a two-headed ogre
 13208 | D:9      | Found Fokio's Assorted Antiques.
 13217 | D:9      | Bought a twisted gilded ring for 150 gold pieces
 13217 | D:9      | Bought a scroll of teleportation for 90 gold pieces
 13217 | D:9      | Identified a scroll of acquirement
 13218 | D:9      | Acquired a ring of wizardry
 13227 | D:9      | Learned a level 4 spell: Olgreb's Toxic Radiance
 13232 | D:9      | Learned a level 4 spell: Airstrike
 13237 | D:9      | Found Erhuqy Coym's Book Emporium.
 13282 | D:9      | Reached XP level 11. HP: 66/81 MP: 10/22
 13376 | D:9      | Found Lagicrel's Magic Scroll Shoppe.
 13380 | D:9      | Bought a scroll of enchant weapon for 105 gold pieces
 13416 | D:9      | Noticed a two-headed ogre
 13430 | D:9      | Killed a two-headed ogre
 13431 | D:9      | Reached skill level 5 in Conjurations
 13431 | D:9      | Reached skill level 5 in Hexes
 13431 | D:9      | Reached skill level 5 in Summonings
 13431 | D:9      | Reached skill level 5 in Necromancy
 13431 | D:9      | Reached skill level 5 in Translocations
 13431 | D:9      | Reached skill level 5 in Fire Magic
 13431 | D:9      | Reached skill level 5 in Ice Magic
 13431 | D:9      | Reached skill level 5 in Air Magic
 13431 | D:9      | Reached skill level 5 in Poison Magic
 13623 | D:9      | Found Causom's Antique Weapon Emporium.
 13761 | D:9      | Found a staircase to the Lair.
 13917 | D:9      | Found Daluq's Assorted Antiques.
 13920 | D:9      | Bought a scroll labelled XINURO TUJAPYF for 23 gold pieces
 14460 | D:10     | Entered Level 10 of the Dungeon
 14460 | D:10     | Noticed Lodul
 14715 | Lair:1   | Entered Level 1 of the Lair of Beasts
 15774 | Lair:1   | Noticed a seven-headed hydra
 15793 | Lair:1   | Killed a seven-headed hydra
 16091 | Lair:2   | Found a hole to the Spider Nest.
 16093 | Lair:2   | Noticed a death yak
 16094 | Lair:2   | Noticed a death yak
 16099 | Lair:2   | Noticed a death yak
 16100 | Lair:2   | Noticed a death yak
 16920 | Lair:2   | Found a staircase to the Swamp.
 16920 | Lair:2   | Noticed a will-o-the-wisp
 16935 | Lair:2   | Killed a will-o-the-wisp
 18135 | Lair:2   | Reached XP level 12. HP: 89/89 MP: 14/24
 18416 | Lair:2   | Learned a level 5 spell: Freezing Cloud
 18442 | Lair:2   | Killed a death yak
 18456 | Lair:2   | Killed a death yak
 18462 | Lair:2   | Killed a death yak
 18470 | Lair:2   | Killed a death yak
 19402 | Lair:3   | Noticed Gastronok
 19411 | Lair:3   | Killed Gastronok
 20505 | Lair:3   | Found a runed translucent gate.
 20506 | Lair:3   | Found a runed translucent gate.
 20512 | Lair:3   | Found a runed translucent gate.
 20513 | Lair:3   | Noticed holysushi's ghost (journeyman KoAr)
 21175 | Lair:3   | Noticed Fannar
 21187 | Lair:3   | Killed Fannar
 21515 | Lair:3   | Found a viscous altar of Jiyva.
 21534 | Lair:4   | Noticed Sonja
 21641 | Lair:4   | Reached XP level 13. HP: 76/98 MP: 5/26
 21710 | Lair:4   | Noticed Sonja
 21710 | Lair:4   | Sonja changed into Sonja the water moccasin
 21712 | Lair:4   | Killed Sonja the water moccasin
 22221 | Lair:4   | Found a frozen archway.
 23573 | Lair:4   | Found a transporter.
 23575 | Lair:4   | Found a transporter.
 23589 | Lair:4   | Noticed SirDiesAlot's ghost (journeyman DEEE)
 23600 | Lair:4   | Found a bloodstained altar of Trog.
 24857 | Lair:4   | Identified the +2 robe of Pewn {rElec Int+3 Dex+2 Stlth-}
 26422 | Lair:4   | Reached skill level 10 in Spellcasting
 27961 | Lair:5   | Reached skill level 10 in Dodging
 28108 | Lair:5   | Reached XP level 14. HP: 106/106 MP: 15/28
 29879 | Lair:5   | Reached skill level 10 in Stealth
 30261 | Lair:6   | Entered Level 6 of the Lair of Beasts
 31326 | Lair:6   | Reached skill level 10 in Invocations
 32109 | Lair:6   | Found a runed translucent door.
 33691 | Lair:6   | Identified the +1 spear of the Unbearable God {venom, rC+
                  | Str-5 SInv}
 33741 | Lair:6   | Noticed Nessos
 33752 | Lair:6   | Killed Nessos
 34505 | Lair:6   | Found a viscous altar of Jiyva.
 34506 | Lair:6   | Found a staircase to the Slime Pits.
 35597 | Lair:6   | Noticed a dire elephant
 35616 | Lair:6   | Killed a dire elephant
 36297 | D:10     | Killed Lodul
 37236 | D:10     | Learned a level 2 spell: Blink
 37267 | D:10     | Noticed Grum
 37275 | D:10     | Reached XP level 15. HP: 94/115 MP: 14/29
 37275 | D:10     | Killed Grum
 37371 | D:10     | Identified the +8 battleaxe of Valiance {freeze, Int+3}
 37376 | D:10     | Noticed Snorg
 37384 | D:10     | Killed Snorg
 38982 | D:12     | Noticed Jorgrun
 39004 | D:12     | Killed Jorgrun
 39661 | D:12     | Reached skill level 10 in Earth Magic
 40542 | D:12     | Reached skill level 10 in Fighting
 40542 | D:12     | Reached skill level 10 in Short Blades
 40542 | D:12     | Reached skill level 10 in Long Blades
 40542 | D:12     | Reached skill level 10 in Axes
 40542 | D:12     | Reached skill level 10 in Maces & Flails
 40542 | D:12     | Reached skill level 10 in Polearms
 40542 | D:12     | Reached skill level 10 in Staves
 40542 | D:12     | Reached skill level 10 in Slings
 40542 | D:12     | Reached skill level 10 in Bows
 40542 | D:12     | Reached skill level 10 in Crossbows
 40542 | D:12     | Reached skill level 10 in Throwing
 40542 | D:12     | Reached skill level 10 in Armour
 40542 | D:12     | Reached skill level 10 in Shields
 40542 | D:12     | Reached skill level 10 in Unarmed Combat
 40542 | D:12     | Reached skill level 10 in Evocations
 40799 | D:12     | Noticed Nergalle
 40811 | D:12     | Killed Nergalle
 40811 | D:12     | HP: 4/113 [cloud of freezing vapour (17)]
 41724 | D:12     | Noticed Kirke
 41831 | D:12     | Killed Kirke
 42682 | D:12     | Found a staircase to the Orcish Mines.
 42719 | Orc:1    | Entered Level 1 of the Orcish Mines
 43159 | Orc:2    | Entered Level 2 of the Orcish Mines
 45264 | Orc:2    | Found a staircase to the Elven Halls.
 46356 | Orc:2    | Noticed Maurice
 46363 | Orc:2    | Killed Maurice
 46655 | Orc:2    | Found Leeffoc's Book Emporium.
 47026 | Orc:2    | Found Juydex's General Store.
 47408 | Orc:2    | Found Qucker Dyts's Antique Armour Shop.
 47418 | Orc:2    | Found Lieclyqu's Magic Scroll Shoppe.
 47428 | Orc:2    | Bought a scroll of summoning for 114 gold pieces
 47428 | Orc:2    | Bought a scroll of teleportation for 36 gold pieces
 47430 | Orc:2    | Bought 3 scrolls of teleportation for 108 gold pieces
 47435 | Orc:2    | Bought a masterwork ring mail for 297 gold pieces
 47435 | Orc:2    | Identified the +0 ring mail of Misch {Dex+5} (You bought it
                  | in a shop on level 2 of the Orcish Mines)
 47440 | Orc:2    | Bought a shiny orb for 396 gold pieces
 47444 | Orc:2    | Bought a pair of boots for 148 gold pieces
 47471 | Orc:2    | Bought a phantom mirror for 560 gold pieces
 47471 | Orc:2    | Bought a box of beasts for 560 gold pieces
 47635 | D:9      | Bought a wand of acid (7) for 184 gold pieces
 49030 | D:13     | Identified the +8 triple crossbow "Beetleslayer" {venom,
                  | rElec}
 49036 | D:13     | Found a gate to the Vaults.
 49470 | D:13     | Reached XP level 16. HP: 111/123 MP: 4/31
 50518 | D:13     | Learned a level 2 spell: Passwall
 50521 | D:13     | Learned a level 2 spell: Static Discharge
 50526 | D:13     | Learned a level 4 spell: Dispel Undead
 50531 | D:13     | Learned a level 4 spell: Fulminant Prism
 50708 | D:13     | Learned a level 4 spell: Petrify
 54864 | D:15     | Entered Level 15 of the Dungeon
 55044 | D:15     | Found Ruluin's Magic Scroll Boutique.
 56758 | D:15     | Found a sacrificial altar of Ru.
 58413 | D:15     | Found a staircase to the Depths.
 58786 | D:9      | Bought a brightly glowing leather armour for 161 gold
                  | pieces
 58786 | D:9      | Identified the +3 leather armour of Gohebafas {rF+ Regen+
                  | Stlth+} (You bought it in a shop on level 9 of the Dungeon)
 58809 | D:9      | Bought a scroll of fear for 80 gold pieces
 58809 | D:9      | Bought a scroll of teleportation for 69 gold pieces
 59137 | Temple   | Entered the Ecumenical Temple
 59447 | Temple   | Fell from the grace of Ignis
 59447 | Temple   | Became a worshipper of Hepliaklqana the Forgotten
 59709 | Swamp:1  | Entered Level 1 of the Swamp
 59709 | Swamp:1  | Noticed Donald
 59717 | Swamp:1  | Killed Donald
 59908 | Swamp:1  | You fall into a shaft and drop 1 floor!
 59908 | Swamp:2  | Noticed Zukhihyth's ghost (adept DDFi)
 59908 | Swamp:2  | Noticed a fenstrider witch
 59908 | Swamp:2  | Found a runed translucent gate.
 59908 | Swamp:2  | Found a runed translucent gate.
 60632 | Swamp:2  | Paralysed by a hornet for 3 turns
 60831 | Swamp:1  | Was forgiven by Ignis
 63434 | Swamp:2  | Reached XP level 17. HP: 90/124 MP: 17/33
 65540 | Swamp:2  | Found a runed translucent gate.
 66055 | Swamp:2  | Reached * piety under Hepliaklqana
 66340 | Swamp:3  | Reached skill level 10 in Transmutations
 68705 | Swamp:4  | Entered Level 4 of the Swamp
 68711 | Swamp:4  | Paralysed by a fenstrider witch for 2 turns
 69378 | Swamp:4  | Acquired 1027 gold pieces
 69898 | Orc:2    | Bought a book of Decay for 420 gold pieces
 69905 | Orc:2    | Learned a level 6 spell: Death Channel
 70110 | Spider:1 | Entered Level 1 of the Spider Nest
 70524 | Spider:1 | Reached skill level 10 in Conjurations
 70524 | Spider:1 | Reached skill level 10 in Hexes
 70524 | Spider:1 | Reached skill level 10 in Summonings
 70524 | Spider:1 | Reached skill level 10 in Necromancy
 70524 | Spider:1 | Reached skill level 10 in Translocations
 70524 | Spider:1 | Reached skill level 10 in Fire Magic
 70524 | Spider:1 | Reached skill level 10 in Ice Magic
 70524 | Spider:1 | Reached skill level 10 in Air Magic
 70524 | Spider:1 | Reached skill level 10 in Poison Magic
 70897 | Spider:1 | HP: 5/119 [something (6)]
 70897 | Spider:1 | Slain by a ghost moth

Illustrated notes

Levels and vault maps discovered:
D:1:      giann_forest_graveyard, layout_loops_ring,
          nicolae_ecumenical_lake_church, serial_shops, shop,
          nicolae_lakefront_shop
D:2:      kennysheep_big_flooded_room, layout_rooms, basic_altar,
          minmay_misc_feat_x
D:3:      layout_basic
D:4:      layout_basic, nicolae_overflow_hidden_temple, uniq_edmund, uniq_ijyb
D:5:      layout_cave_pools, temple_doors_ab
D:6:      layout_gridville
D:7:      layout_loops_ring, grunt_ministairs_15
D:8:      nicolae_cairo_tiling_large, layout_loops_cross, kennysheep_kite_vault
D:9:      layout_basic, grunt_lair_entry_orc_guard_hut, serial_shops, shop,
          shop, shop, nicolae_shop_overgrown_old_shop, kennysheep_mini,
          enter_bailey_5, grunt_decor_junction
D:10:     layout_loops_ring, uniq_lodul, uniq_grum, uniq_snorg
D:11:     layout_long_grid, kennysheep_crisscross
D:12:     lemuel_slime, layout_loops_ring, erik_orc_1, uniq_jorgrun, uniq_kirke,
          uniq_nergalle
D:13:     layout_stronghold, erik_vaults_1
D:14:     layout_roguey, roderic_malta_cross, eino_jars
D:15:     grunt_enter_depths_magical_seal, layout_stronghold,
          nicolae_ru_awakened_eye, serial_shops, nicolae_lakefront_shop
Temple:   mainiacjoe_temple_cubbyholes
Lair:1:   layout_misc_corridors, serial_bayou_shore_a, infiniplex_staircase_pool
Lair:2:   layout_loops_ring, minmay_swamp_entry_wisps, spider_nest_entry_a,
          gauntlet_entry_generic, chequers_serial_rivers_micro_b,
          dreamdust_wasp_nest, grunt_megastairs_1
Lair:3:   layout_long_grid, gammafunk_ghost_ooze, beast_lair_carwin_9,
          lemuel_fruit_tree, uniq_gastronok, uniq_fannar
Lair:4:   layout_layer_cave, gammafunk_ghost_wrathful_warriors,
          portal_ice_cave_rime, minivault_19, pond, uniq_sonja
Lair:5:   layout_roguey, lemuel_fruit_fields
Lair:6:   wormcave, layout_regular_city, hangedman_lair_in_review,
          slime_altar_1, nicolae_quartered_pool_super, patterned_corridor,
          uniq_nessos
Swamp:1:  nicolae_swamp_secret_spriggan_hideout, layout_falls_marsh,
          evilmike_swamp_ruin_house_1, swamp_pool1, uniq_donald
Swamp:2:  layout_basic_swamp, gammafunk_ghost_split,
          evilmike_swamp_ruin_rubble_2, swamp_pool3
Swamp:3:  layout_basic_swamp, serial_swamp_ruin, evilmike_swamp_ruin_house_6,
          evilmike_swamp_ruin_house_3, swamp_pool3, nicolae_swamp_round_clearing
Swamp:4:  swamp, layout_basic_swamp
Spider:1: layout_spider_delve, hangedman_spider_tarantella_strand
Orc:1:    layout_caves
Orc:2:    st_orc_open, layout_diamond_mine, mines2_david, uniq_maurice

Skill      XL: |  1  2  3  4  5  6  7  8  9 10 11 12 13 14 15 16 17 |
---------------+----------------------------------------------------+-----
Transmutations | 2 3 4 5 6 7 8 9 10 | 10.3
Spellcasting   | 5 6 7 8 9 10 11 12 | 12.8
Invocations    | 1 2 3 4 5 6 7 8 9 10 11 12 | 12.9
Fighting       | 1 2 3 4 5 6 7 8 9 10 11 | 11.9
Short Blades   | 1 2 3 4 5 6 7 8 9 10 11 | 11.9
Long Blades    | 1 2 3 4 5 6 7 8 9 10 11 | 11.9
Axes           | 1 2 3 4 5 6 7 8 9 10 11 | 11.9
Maces & Flails | 1 2 3 4 5 6 7 8 9 10 11 | 11.9
Polearms       | 1 2 3 4 5 6 7 8 9 10 11 | 11.9
Staves         | 1 2 3 4 5 6 7 8 9 10 11 | 11.9
Slings         | 1 2 3 4 5 6 7 8 9 10 11 | 11.9
Bows           | 1 2 3 4 5 6 7 8 9 10 11 | 11.9
Crossbows      | 1 2 3 4 5 6 7 8 9 10 11 | 11.9
Throwing       | 1 2 3 4 5 6 7 8 9 10 11 | 11.9
Armour         | 1 2 3 4 5 6 7 8 9 10 11 | 11.9
Shields        | 1 2 3 4 5 6 7 8 9 10 11 | 11.9
Unarmed Combat | 1 2 3 4 5 6 7 8 9 10 11 | 11.9
Evocations     | 1 2 3 4 5 6 7 8 9 10 11 | 11.9
Conjurations   | 1 2 3 4 5 6 7 8 9 10 | 10.0
Hexes          | 1 2 3 4 5 6 7 8 9 10 | 10.0
Summonings     | 1 2 3 4 5 6 7 8 9 10 | 10.0
Necromancy     | 1 2 3 4 5 6 7 8 9 10 | 10.0
Translocations | 1 2 3 4 5 6 7 8 9 10 | 10.0
Fire Magic     | 1 2 3 4 5 6 7 8 9 10 | 10.0
Ice Magic      | 1 2 3 4 5 6 7 8 9 10 | 10.0
Air Magic      | 1 2 3 4 5 6 7 8 9 10 | 10.0
Poison Magic   | 1 2 3 4 5 6 7 8 9 10 | 10.0
Dodging        | 5 6 7 8 9 10 11 12 | 12.7
Stealth        | 5 6 7 8 9 10 11 12 | 12.6
Earth Magic    | 6 7 8 9 10 11 | 11.4

Action                   |  1- 3 |  4- 6 |  7- 9 | 10-12 | 13-15 | 16-18 || total
-------------------------+-------+-------+-------+-------+-------+-------++-------
Melee: Trident           |    15 |    86 |       |       |     2 |       ||   103
       Punch             |     2 |       |       |       |       |       ||     2
       Bite              |       |     6 |       |       |     5 |    14 ||    25
       Staff             |       |       |       |       |     7 |    27 ||    34
       Flail             |       |       |       |       |    21 |       ||    21
       Hunting sling     |       |       |       |       |     6 |       ||     6
       Scimitar          |       |       |       |       |       |    53 ||    53
 Fire: Hunting sling     |       |       |    60 |   174 |   463 |   119 ||   816
Throw: Javelin           |       |       |       |       |       |     6 ||     6
 Cast: Sandblast         |    45 |    40 |   153 |   193 |   282 |       ||   713
       Stone Arrow       |       |    19 |     4 |    38 |   215 |   217 ||   493
       Olgreb's Toxic Ra |       |       |       |    51 |   237 |   115 ||   403
       Airstrike         |       |       |       |     2 |     2 |     2 ||     6
       Mephitic Cloud    |       |       |       |     1 |       |       ||     1
       Freezing Cloud    |       |       |       |     1 |    11 |    42 ||    54
       Dispel Undead     |       |       |       |       |       |     9 ||     9
       Blink             |       |       |       |       |       |     2 ||     2
       Death Channel     |       |       |       |       |       |     6 ||     6
       Fulminant Prism   |       |       |       |       |       |     2 ||     2
Invok: Fiery Armour      |     1 |       |     1 |     2 |     3 |       ||     7
       Foxfire Swarm     |       |     3 |       |       |       |       ||     3
       Recall Ancestor   |       |       |       |       |       |     1 ||     1
Evoke: Wand              |       |       |     3 |    21 |    20 |    30 ||    74
       Condenser vane    |       |       |       |       |     3 |     6 ||     9
       Tin of tremorston |       |       |       |       |       |     7 ||     7
       Box of beasts     |       |       |       |       |       |     5 ||     5
       Phantom mirror    |       |       |       |       |       |     4 ||     4
       Piece from Xom's  |       |       |       |       |       |     2 ||     2
  Use: Scroll            |       |     5 |     9 |    15 |    17 |    15 ||    61
       Potion            |       |       |     2 |     3 |     9 |     9 ||    23
 Stab: Sleeping          |       |     1 |       |       |       |       ||     1
       Distracted        |       |       |       |       |     1 |       ||     1
       Invisible         |       |       |       |       |       |     2 ||     2
       Paralysed         |       |       |       |       |       |     1 ||     1
Armor: Robe              |    13 |    42 |    14 |    49 |    53 |       ||   171
       Ring mail         |       |       |       |       |   103 |    43 ||   146
       Leather armour    |       |       |       |       |       |    71 ||    71
       Swamp dragon scal |       |       |       |       |       |    44 ||    44
Dodge: Dodged            |    30 |    94 |    52 |   139 |   308 |   230 ||   853
Block: Buckler           |       |       |       |       |    59 |   133 ||   192

Table legend: (Time is in decaauts)
 A = Elapsed time spent in this place.
 B = Non-inter-level travel time spent in this place.
 C = Inter-level travel time spent in this place.
 D = Time resting spent in this place.
 E = Time spent auto-exploring this place.
 F = Levels seen in this place.
 G = Mean time per level.
                   A        B        C        D        E       F      G
               +--------+--------+--------+--------+--------+-----+--------+
         Total |  71286 |  68500 |   2786 |  43073 |  17562 |  29 | 2458.1 |
       Dungeon |  33196 |  31546 |   1650 |  18317 |   9570 |  15 | 2213.1 |
        Temple |    353 |    292 |     61 |      0 |    287 |   1 |  353.0 |
          Lair |  21832 |  21185 |    647 |  13985 |   5062 |   6 | 3638.7 |
         Swamp |   9921 |   9668 |    253 |   6935 |   1613 |   4 | 2480.2 |
   Spider Nest |    778 |    778 |      0 |    328 |    243 |   1 |  778.0 |
  Orcish Mines |   5204 |   5031 |    173 |   3508 |    786 |   2 | 2602.0 |
               +--------+--------+--------+--------+--------+-----+--------+

Top non-repeatable levels by time:
  Lair:6: 5853 daAuts
    D:12: 5310 daAuts
 Swamp:1: 4184 daAuts
   Orc:2: 4151 daAuts
  Lair:5: 4005 daAuts
    D:15: 3819 daAuts
  Lair:3: 3683 daAuts
    D:14: 3667 daAuts
  Lair:2: 3458 daAuts
  Lair:4: 3321 daAuts
 Swamp:3: 3234 daAuts
     D:8: 2683 daAuts
 Swamp:2: 2393 daAuts
    D:13: 2279 daAuts
     D:3: 2079 daAuts
